Workbook

Sheet SUMMARY
A2: COST SUMMARY
B4: ='BASE ESTIMATE'!J4 -> Project Name: | C4: PLAINFIELD PUBLIC LIBRARY - ATRIUM INFILL
B5: ='BASE ESTIMATE'!J5 -> Location: | C5: HIDDEN DUE TO PRIVACY POLICY
B6: ='BASE ESTIMATE'!J6 -> Date: | C6: 45804
B7: ='BASE ESTIMATE'!J7 -> Project Type: | C7: ='BASE ESTIMATE'!K7 -> COMMERCIAL
B8: ='BASE ESTIMATE'!J8 -> Scope of Work: | C8: ='BASE ESTIMATE'!K8 -> HVAC
B10: CSI Summary for Base Bid
B12: Div. No. | C12: CSI Division | D12: Labor Cost | E12: Material Cost | F12: Equipment Cost | G12: Total Cost | H12: % of sub-total cost
B13: DIV.01 | C13: GENERAL CONDITIONS | D13: =SUM('BASE ESTIMATE'!N13:N21) -> 0 | E13: =SUM('BASE ESTIMATE'!R13:R21) -> 0 | F13: =SUM('BASE ESTIMATE'!P13:P21) -> 0 | G13: =D13+E13+F13 -> 0 | H13: =G13/G16 -> #DIV/0!
B14: ='BASE ESTIMATE'!D22 -> DIV.02 | C14: ='BASE ESTIMATE'!E22 -> EXISTING CONDITIONS | D14: =SUM('BASE ESTIMATE'!N23:N29) -> 0 | E14: =SUM('BASE ESTIMATE'!R23:R29) -> 0 | F14: =SUM('BASE ESTIMATE'!P23:P29) -> 0 | G14: =D14+E14+F14 -> 0 | H14: =G14/G17 -> #DIV/0!
B15: ='BASE ESTIMATE'!D30 -> DIV.23 | C15: ='BASE ESTIMATE'!E30 -> HVAC | D15: =SUM('BASE ESTIMATE'!N31:N72) -> 0 | E15: =SUM('BASE ESTIMATE'!R31:R72) -> 0 | F15: =SUM('BASE ESTIMATE'!P31:P72) -> 0 | G15: =D15+E15+F15 -> 0 | H15: =G15/G16 -> #DIV/0!
C16: ='BASE ESTIMATE'!A73 -> SUB TOTAL | D16: =SUM(D13:D15) -> 0 | E16: =SUM(E13:E15) -> 0 | F16: =SUM(F13:F15) -> 0 | G16: =SUM(G13:G15) -> 0
C17: MATERIAL TAX (8.5%) | E17: ='BASE ESTIMATE'!T74 -> 0 | G17: =E17 -> 0
C18: PROFIT (20%) | G18: ='BASE ESTIMATE'!U75 -> 0
C19: ='BASE ESTIMATE'!A77 -> TOTAL BASE BID | G19: =SUM(G16:G18) -> 0

Sheet BASE ESTIMATE
A1: SR # | B1: REFERENCE SHEET | C1: DETAIL SHEET | D1: CSI SECT | E1: DESCRIPTION | F1: QTY. | G1: WASTAGE | H1: QTY WITH WASTAGE | I1: UNIT OF MEASURMENT | J1: UNIT LABOR HOURS | K1: TOTAL LABOR HOURS | L1: PER HOUR LABOR WAGE | M1: UNIT LABOR COST | N1: TOTAL LABOR COST | O1: BARE EQUIPMENT COST | P1: TOTAL EQUIPMENT COST | Q1: UNIT MATERIAL COST | R1: TOTAL MATERIAL COST | S1: UNIT COST (Lab+Mat+Equip.) | T1: TOTAL ITEM COST | U1: TOTAL TRADE COST
A2: Estimate of Materials and Cost of Construction
J4: Project Name: | K4: PLAINFIELD PUBLIC LIBRARY - ATRIUM INFILL
J5: Location: | K5: HIDDEN DUE TO PRIVACY POLICY
J6: Date: | K6: 45804
J7: Project Type: | K7: COMMERCIAL
J8: Scope of Work: | K8: HVAC
A10: SR # | B10: REFERENCE SHEET | C10: DETAIL SHEET | D10: CSI SECT | E10: DESCRIPTION | F10: QTY. | G10: WASTAGE | H10: QTY WITH WASTAGE | I10: UNIT OF MEASURMENT | J10: UNIT LABOR HOURS | K10: TOTAL LABOR HOURS | L10: PER HOUR LABOR WAGE | M10: UNIT LABOR COST | N10: TOTAL LABOR COST | O10: BARE EQUIPMENT COST | P10: TOTAL EQUIPMENT COST | Q10: UNIT MATERIAL COST | R10: TOTAL MATERIAL COST | S10: UNIT COST (Lab+Mat+Equip.) | T10: TOTAL ITEM COST | U10: TOTAL TRADE COST
D12: DIV.01 | E12: GENERAL REQUIREMENTS | U12: =SUM(T14:T21) -> 0
E14: Project Management & Supervision
A15: =IF(I15<>"",1+MAX($A$2:A14),"")
A16: =IF(I16<>"",1+MAX($A$2:A15),"") -> 1 | E16: Project Management & Supervision | F16: 1 | G16: 0 | H16: =F16*(1+G16) -> 1 | I16: LS | J16: 0 | K16: =J16*H16 -> 0 | L16: 0 | M16: =L16*J16 -> 0 | N16: =L16*K16 -> 0 | O16: 0 | P16: =O16*H16 -> 0 | Q16: 0 | R16: =Q16*H16 -> 0 | S16: =M16+O16+Q16 -> 0 | T16: =S16*H16 -> 0
A17: =IF(I17<>"",1+MAX($A$2:A16),"")
A18: =IF(I18<>"",1+MAX($A$2:A17),"") | E18: Equipment and Tools
A19: =IF(I19<>"",1+MAX($A$2:A18),"")
A20: =IF(I20<>"",1+MAX($A$2:A19),"") -> 2 | E20: Mobilization/Demobilization (Temporary Control & Facilities) | F20: 1 | G20: 0 | H20: =F20*(1+G20) -> 1 | I20: LS | J20: 0 | K20: =J20*H20 -> 0 | L20: 0 | M20: =L20*J20 -> 0 | N20: =L20*K20 -> 0 | O20: 0 | P20: =O20*H20 -> 0 | Q20: 0 | R20: =Q20*H20 -> 0 | S20: =M20+O20+Q20 -> 0 | T20: =S20*H20 -> 0
A21: =IF(I21<>"",1+MAX($A$2:A20),"")
A22: =IF(I22<>"",1+MAX($A$2:A21),"") | D22: DIV.02 | E22: EXISTING CONDITIONS | U22: =SUM(T29:T29) -> 0
A23: =IF(I23<>"",1+MAX($A$2:A22),"")
A24: =IF(I24<>"",1+MAX($A$2:A23),"") | E24: Demolition
A25: =IF(I25<>"",1+MAX($A$2:A24),"")
A26: =IF(I26<>"",1+MAX($A$2:A25),"") -> 3 | B26: M0.001 TO FA.102 | C26: M0.001 TO FA.102 | E26: Remove Existing Lighting | F26: 45 | G26: 0 | H26: =F26*(1+G26) -> 45 | I26: EA | J26: 0 | K26: =J26*H26 -> 0 | L26: 0 | M26: =L26*J26 -> 0 | N26: =L26*K26 -> 0 | O26: 0 | P26: =O26*H26 -> 0 | Q26: 0 | R26: =Q26*H26 -> 0 | S26: =M26+O26+Q26 -> 0 | T26: =S26*H26 -> 0
A27: =IF(I27<>"",1+MAX($A$2:A26),"") -> 4 | B27: M0.001 TO FA.102 | C27: M0.001 TO FA.102 | E27: Remove Return registers | F27: 10 | G27: 0 | H27: =F27*(1+G27) -> 10 | I27: EA | J27: 0 | K27: =J27*H27 -> 0 | L27: 0 | M27: =L27*J27 -> 0 | N27: =L27*K27 -> 0 | O27: 0 | P27: =O27*H27 -> 0 | Q27: 0 | R27: =Q27*H27 -> 0 | S27: =M27+O27+Q27 -> 0 | T27: =S27*H27 -> 0
A28: =IF(I28<>"",1+MAX($A$2:A27),"") -> 5 | B28: M0.001 TO FA.102 | C28: M0.001 TO FA.102 | E28: Remove Registers | F28: 1 | G28: 0 | H28: =F28*(1+G28) -> 1 | I28: EA | J28: 0 | K28: =J28*H28 -> 0 | L28: 0 | M28: =L28*J28 -> 0 | N28: =L28*K28 -> 0 | O28: 0 | P28: =O28*H28 -> 0 | Q28: 0 | R28: =Q28*H28 -> 0 | S28: =M28+O28+Q28 -> 0 | T28: =S28*H28 -> 0
A29: =IF(I29<>"",1+MAX($A$2:A28),"")
A30: =IF(I30<>"",1+MAX($A$2:A29),"") | D30: DIV.23 | E30: HVAC | U30: =SUM(T32:T72) -> 0
A31: =IF(I31<>"",1+MAX($A$2:A30),"")
A32: =IF(I32<>"",1+MAX($A$2:A31),"") | E32: HVAC
A33: =IF(I33<>"",1+MAX($A$2:A32),"")
A34: =IF(I34<>"",1+MAX($A$2:A33),"") | E34: Pipes
A35: =IF(I35<>"",1+MAX($A$2:A34),"") -> 6 | B35: M0.001 TO FA.102 | C35: M0.001 TO FA.102 | E35: 3/4" Cold Water Pipe | F35: 92.81 | G35: 0.05 | H35: =F35*(1+G35) -> 97.4505 | I35: LF | J35: 0 | K35: =J35*H35 -> 0 | L35: 0 | M35: =L35*J35 -> 0 | N35: =L35*K35 -> 0 | O35: 0 | P35: =O35*H35 -> 0 | Q35: 0 | R35: =Q35*H35 -> 0 | S35: =M35+O35+Q35 -> 0 | T35: =S35*H35 -> 0
A36: =IF(I36<>"",1+MAX($A$2:A35),"") -> 7 | B36: M0.001 TO FA.102 | C36: M0.001 TO FA.102 | E36: Refrigerant Piping (5/8" gas) | F36: 191.75 | G36: 0.05 | H36: =F36*(1+G36) -> 201.3375 | I36: LF | J36: 0 | K36: =J36*H36 -> 0 | L36: 0 | M36: =L36*J36 -> 0 | N36: =L36*K36 -> 0 | O36: 0 | P36: =O36*H36 -> 0 | Q36: 0 | R36: =Q36*H36 -> 0 | S36: =M36+O36+Q36 -> 0 | T36: =S36*H36 -> 0
A37: =IF(I37<>"",1+MAX($A$2:A36),"") -> 8 | B37: M0.001 TO FA.102 | C37: M0.001 TO FA.102 | E37: Refrigerant Piping (3/8" Liquid) | F37: 191.75 | G37: 0.05 | H37: =F37*(1+G37) -> 201.3375 | I37: LF | J37: 0 | K37: =J37*H37 -> 0 | L37: 0 | M37: =L37*J37 -> 0 | N37: =L37*K37 -> 0 | O37: 0 | P37: =O37*H37 -> 0 | Q37: 0 | R37: =Q37*H37 -> 0 | S37: =M37+O37+Q37 -> 0 | T37: =S37*H37 -> 0
A38: =IF(I38<>"",1+MAX($A$2:A37),"")
A39: =IF(I39<>"",1+MAX($A$2:A38),"") | E39: Ductwork
A40: =IF(I40<>"",1+MAX($A$2:A39),"") -> 9 | B40: M0.001 TO FA.102 | C40: M0.001 TO FA.102 | E40: 4" Dia Ductwork | F40: 63.36 | G40: 0.05 | H40: =F40*(1+G40) -> 66.528 | I40: LF | J40: 0 | K40: =J40*H40 -> 0 | L40: 0 | M40: =L40*J40 -> 0 | N40: =L40*K40 -> 0 | O40: 0 | P40: =O40*H40 -> 0 | Q40: 0 | R40: =Q40*H40 -> 0 | S40: =M40+O40+Q40 -> 0 | T40: =S40*H40 -> 0
A41: =IF(I41<>"",1+MAX($A$2:A40),"") -> 10 | B41: M0.001 TO FA.102 | C41: M0.001 TO FA.102 | E41: 10x6 Ductwork | F41: 159.97 | G41: 0.05 | H41: =F41*(1+G41) -> 167.9685 | I41: LF | J41: 0 | K41: =J41*H41 -> 0 | L41: 0 | M41: =L41*J41 -> 0 | N41: =L41*K41 -> 0 | O41: 0 | P41: =O41*H41 -> 0 | Q41: 0 | R41: =Q41*H41 -> 0 | S41: =M41+O41+Q41 -> 0 | T41: =S41*H41 -> 0
A42: =IF(I42<>"",1+MAX($A$2:A41),"") -> 11 | B42: M0.001 TO FA.102 | C42: M0.001 TO FA.102 | E42: 10x10 Ductwork | F42: 181.12 | G42: 0.05 | H42: =F42*(1+G42) -> 190.176 | I42: LF | J42: 0 | K42: =J42*H42 -> 0 | L42: 0 | M42: =L42*J42 -> 0 | N42: =L42*K42 -> 0 | O42: 0 | P42: =O42*H42 -> 0 | Q42: 0 | R42: =Q42*H42 -> 0 | S42: =M42+O42+Q42 -> 0 | T42: =S42*H42 -> 0
A43: =IF(I43<>"",1+MAX($A$2:A42),"") -> 12 | B43: M0.001 TO FA.102 | C43: M0.001 TO FA.102 | E43: 12x8 Ductwork | F43: 19.5 | G43: 0.05 | H43: =F43*(1+G43) -> 20.475 | I43: LF | J43: 0 | K43: =J43*H43 -> 0 | L43: 0 | M43: =L43*J43 -> 0 | N43: =L43*K43 -> 0 | O43: 0 | P43: =O43*H43 -> 0 | Q43: 0 | R43: =Q43*H43 -> 0 | S43: =M43+O43+Q43 -> 0 | T43: =S43*H43 -> 0
A44: =IF(I44<>"",1+MAX($A$2:A43),"") -> 13 | B44: M0.001 TO FA.102 | C44: M0.001 TO FA.102 | E44: 14x14 Ductwork | F44: 2.32 | G44: 0.05 | H44: =F44*(1+G44) -> 2.436 | I44: LF | J44: 0 | K44: =J44*H44 -> 0 | L44: 0 | M44: =L44*J44 -> 0 | N44: =L44*K44 -> 0 | O44: 0 | P44: =O44*H44 -> 0 | Q44: 0 | R44: =Q44*H44 -> 0 | S44: =M44+O44+Q44 -> 0 | T44: =S44*H44 -> 0
A45: =IF(I45<>"",1+MAX($A$2:A44),"")
A46: =IF(I46<>"",1+MAX($A$2:A45),"") | E46: HVAC Items
A47: =IF(I47<>"",1+MAX($A$2:A46),"") -> 14 | B47: M0.001 TO FA.102 | C47: M0.001 TO FA.102 | E47: 24"x24" Ceiling Return registers Manf: Titus | F47: 10 | G47: 0 | H47: =F47*(1+G47) -> 10 | I47: EA | J47: 0 | K47: =J47*H47 -> 0 | L47: 0 | M47: =L47*J47 -> 0 | N47: =L47*K47 -> 0 | O47: 0 | P47: =O47*H47 -> 0 | Q47: 0 | R47: =Q47*H47 -> 0 | S47: =M47+O47+Q47 -> 0 | T47: =S47*H47 -> 0
A48: =IF(I48<>"",1+MAX($A$2:A47),"") -> 15 | B48: M0.001 TO FA.102 | C48: M0.001 TO FA.102 | E48: 72"x12" Ceiling Return registers Manf: Titus | F48: 1 | G48: 0 | H48: =F48*(1+G48) -> 1 | I48: EA | J48: 0 | K48: =J48*H48 -> 0 | L48: 0 | M48: =L48*J48 -> 0 | N48: =L48*K48 -> 0 | O48: 0 | P48: =O48*H48 -> 0 | Q48: 0 | R48: =Q48*H48 -> 0 | S48: =M48+O48+Q48 -> 0 | T48: =S48*H48 -> 0
A49: =IF(I49<>"",1+MAX($A$2:A48),"") -> 16 | B49: M0.001 TO FA.102 | C49: M0.001 TO FA.102 | E49: High Sidewall Return Resister as 2 (150 CFM) Manf: Titus | F49: 2 | G49: 0 | H49: =F49*(1+G49) -> 2 | I49: EA | J49: 0 | K49: =J49*H49 -> 0 | L49: 0 | M49: =L49*J49 -> 0 | N49: =L49*K49 -> 0 | O49: 0 | P49: =O49*H49 -> 0 | Q49: 0 | R49: =Q49*H49 -> 0 | S49: =M49+O49+Q49 -> 0 | T49: =S49*H49 -> 0
A50: =IF(I50<>"",1+MAX($A$2:A49),"") -> 17 | B50: M0.001 TO FA.102 | C50: M0.001 TO FA.102 | E50: High Sidewall Return Resister as 2 (500 CFM) Manf: Titus | F50: 2 | G50: 0 | H50: =F50*(1+G50) -> 2 | I50: EA | J50: 0 | K50: =J50*H50 -> 0 | L50: 0 | M50: =L50*J50 -> 0 | N50: =L50*K50 -> 0 | O50: 0 | P50: =O50*H50 -> 0 | Q50: 0 | R50: =Q50*H50 -> 0 | S50: =M50+O50+Q50 -> 0 | T50: =S50*H50 -> 0
A51: =IF(I51<>"",1+MAX($A$2:A50),"") -> 18 | B51: M0.001 TO FA.102 | C51: M0.001 TO FA.102 | E51: High Sidewall Return Resister as 3 (275 CFM) Manf: Titus | F51: 1 | G51: 0 | H51: =F51*(1+G51) -> 1 | I51: EA | J51: 0 | K51: =J51*H51 -> 0 | L51: 0 | M51: =L51*J51 -> 0 | N51: =L51*K51 -> 0 | O51: 0 | P51: =O51*H51 -> 0 | Q51: 0 | R51: =Q51*H51 -> 0 | S51: =M51+O51+Q51 -> 0 | T51: =S51*H51 -> 0
A52: =IF(I52<>"",1+MAX($A$2:A51),"") -> 19 | B52: M0.001 TO FA.102 | C52: M0.001 TO FA.102 | E52: High Sidewall Return Resister as 3 (300 CFM) Manf: Titus | F52: 1 | G52: 0 | H52: =F52*(1+G52) -> 1 | I52: EA | J52: 0 | K52: =J52*H52 -> 0 | L52: 0 | M52: =L52*J52 -> 0 | N52: =L52*K52 -> 0 | O52: 0 | P52: =O52*H52 -> 0 | Q52: 0 | R52: =Q52*H52 -> 0 | S52: =M52+O52+Q52 -> 0 | T52: =S52*H52 -> 0
A53: =IF(I53<>"",1+MAX($A$2:A52),"") -> 20 | B53: M0.001 TO FA.102 | C53: M0.001 TO FA.102 | E53: High Sidewall Return Resister as 4 (150 CFM) Manf: Titus | F53: 2 | G53: 0 | H53: =F53*(1+G53) -> 2 | I53: EA | J53: 0 | K53: =J53*H53 -> 0 | L53: 0 | M53: =L53*J53 -> 0 | N53: =L53*K53 -> 0 | O53: 0 | P53: =O53*H53 -> 0 | Q53: 0 | R53: =Q53*H53 -> 0 | S53: =M53+O53+Q53 -> 0 | T53: =S53*H53 -> 0
A54: =IF(I54<>"",1+MAX($A$2:A53),"") -> 21 | B54: M0.001 TO FA.102 | C54: M0.001 TO FA.102 | E54: High Sidewall Return Resister as 4 (170 CFM) Manf: Titus | F54: 1 | G54: 0 | H54: =F54*(1+G54) -> 1 | I54: EA | J54: 0 | K54: =J54*H54 -> 0 | L54: 0 | M54: =L54*J54 -> 0 | N54: =L54*K54 -> 0 | O54: 0 | P54: =O54*H54 -> 0 | Q54: 0 | R54: =Q54*H54 -> 0 | S54: =M54+O54+Q54 -> 0 | T54: =S54*H54 -> 0
A55: =IF(I55<>"",1+MAX($A$2:A54),"") -> 22 | B55: M0.001 TO FA.102 | C55: M0.001 TO FA.102 | E55: High Sidewall Return Resister as 4 (500 CFM) Manf: Titus | F55: 1 | G55: 0 | H55: =F55*(1+G55) -> 1 | I55: EA | J55: 0 | K55: =J55*H55 -> 0 | L55: 0 | M55: =L55*J55 -> 0 | N55: =L55*K55 -> 0 | O55: 0 | P55: =O55*H55 -> 0 | Q55: 0 | R55: =Q55*H55 -> 0 | S55: =M55+O55+Q55 -> 0 | T55: =S55*H55 -> 0
A56: =IF(I56<>"",1+MAX($A$2:A55),"") -> 23 | B56: M0.001 TO FA.102 | C56: M0.001 TO FA.102 | E56: High Sidewall Return Resister as 5 (275 CFM) Manf: Titus | F56: 1 | G56: 0 | H56: =F56*(1+G56) -> 1 | I56: EA | J56: 0 | K56: =J56*H56 -> 0 | L56: 0 | M56: =L56*J56 -> 0 | N56: =L56*K56 -> 0 | O56: 0 | P56: =O56*H56 -> 0 | Q56: 0 | R56: =Q56*H56 -> 0 | S56: =M56+O56+Q56 -> 0 | T56: =S56*H56 -> 0
A57: =IF(I57<>"",1+MAX($A$2:A56),"") -> 24 | B57: M0.001 TO FA.102 | C57: M0.001 TO FA.102 | E57: High Sidewall Return Resister as 5 (300 CFM) Manf: Titus | F57: 1 | G57: 0 | H57: =F57*(1+G57) -> 1 | I57: EA | J57: 0 | K57: =J57*H57 -> 0 | L57: 0 | M57: =L57*J57 -> 0 | N57: =L57*K57 -> 0 | O57: 0 | P57: =O57*H57 -> 0 | Q57: 0 | R57: =Q57*H57 -> 0 | S57: =M57+O57+Q57 -> 0 | T57: =S57*H57 -> 0
A58: =IF(I58<>"",1+MAX($A$2:A57),"")
A59: =IF(I59<>"",1+MAX($A$2:A58),"") | E59: HVAC Utilities
A60: =IF(I60<>"",1+MAX($A$2:A59),"") -> 25 | B60: M0.001 TO FA.102 | C60: M0.001 TO FA.102 | E60: Fan Coil Unit | F60: 2 | G60: 0 | H60: =F60*(1+G60) -> 2 | I60: EA | J60: 0 | K60: =J60*H60 -> 0 | L60: 0 | M60: =L60*J60 -> 0 | N60: =L60*K60 -> 0 | O60: 0 | P60: =O60*H60 -> 0 | Q60: 0 | R60: =Q60*H60 -> 0 | S60: =M60+O60+Q60 -> 0 | T60: =S60*H60 -> 0
A61: =IF(I61<>"",1+MAX($A$2:A60),"") -> 26 | B61: M0.001 TO FA.102 | C61: M0.001 TO FA.102 | E61: Thermostat | F61: 2 | G61: 0 | H61: =F61*(1+G61) -> 2 | I61: EA | J61: 0 | K61: =J61*H61 -> 0 | L61: 0 | M61: =L61*J61 -> 0 | N61: =L61*K61 -> 0 | O61: 0 | P61: =O61*H61 -> 0 | Q61: 0 | R61: =Q61*H61 -> 0 | S61: =M61+O61+Q61 -> 0 | T61: =S61*H61 -> 0
A62: =IF(I62<>"",1+MAX($A$2:A61),"") -> 27 | B62: M0.001 TO FA.102 | C62: M0.001 TO FA.102 | E62: Unknown Equipment as HP | F62: 2 | G62: 0 | H62: =F62*(1+G62) -> 2 | I62: EA | J62: 0 | K62: =J62*H62 -> 0 | L62: 0 | M62: =L62*J62 -> 0 | N62: =L62*K62 -> 0 | O62: 0 | P62: =O62*H62 -> 0 | Q62: 0 | R62: =Q62*H62 -> 0 | S62: =M62+O62+Q62 -> 0 | T62: =S62*H62 -> 0
A63: =IF(I63<>"",1+MAX($A$2:A62),"") -> 28 | B63: M0.001 TO FA.102 | C63: M0.001 TO FA.102 | E63: Volume Damper | F63: 12 | G63: 0 | H63: =F63*(1+G63) -> 12 | I63: EA | J63: 0 | K63: =J63*H63 -> 0 | L63: 0 | M63: =L63*J63 -> 0 | N63: =L63*K63 -> 0 | O63: 0 | P63: =O63*H63 -> 0 | Q63: 0 | R63: =Q63*H63 -> 0 | S63: =M63+O63+Q63 -> 0 | T63: =S63*H63 -> 0
A64: =IF(I64<>"",1+MAX($A$2:A63),"")
A65: =IF(I65<>"",1+MAX($A$2:A64),"") | E65: HVAC Equipment's
A66: =IF(I66<>"",1+MAX($A$2:A65),"") -> 29 | B66: M0.001 TO FA.102 | C66: M0.001 TO FA.102 | E66: Unit Heater as EDH-1A 3kw, 10.2 MBH, 470 CFM, CBK, WARREN | F66: 1 | G66: 0 | H66: =F66*(1+G66) -> 1 | I66: EA | J66: 0 | K66: =J66*H66 -> 0 | L66: 0 | M66: =L66*J66 -> 0 | N66: =L66*K66 -> 0 | O66: 0 | P66: =O66*H66 -> 0 | Q66: 0 | R66: =Q66*H66 -> 0 | S66: =M66+O66+Q66 -> 0 | T66: =S66*H66 -> 0
A67: =IF(I67<>"",1+MAX($A$2:A66),"") -> 30 | B67: M0.001 TO FA.102 | C67: M0.001 TO FA.102 | E67: Unit Heater as EDH-1B 1.5kw, 5.11 MBH, 470 CFM, CBK, WARREN | F67: 1 | G67: 0 | H67: =F67*(1+G67) -> 1 | I67: EA | J67: 0 | K67: =J67*H67 -> 0 | L67: 0 | M67: =L67*J67 -> 0 | N67: =L67*K67 -> 0 | O67: 0 | P67: =O67*H67 -> 0 | Q67: 0 | R67: =Q67*H67 -> 0 | S67: =M67+O67+Q67 -> 0 | T67: =S67*H67 -> 0
A68: =IF(I68<>"",1+MAX($A$2:A67),"") -> 31 | B68: M0.001 TO FA.102 | C68: M0.001 TO FA.102 | E68: Unit Heater as EDH-2A 3kw, 13.6 MBH, 470 CFM, CBK, WARREN | F68: 1 | G68: 0 | H68: =F68*(1+G68) -> 1 | I68: EA | J68: 0 | K68: =J68*H68 -> 0 | L68: 0 | M68: =L68*J68 -> 0 | N68: =L68*K68 -> 0 | O68: 0 | P68: =O68*H68 -> 0 | Q68: 0 | R68: =Q68*H68 -> 0 | S68: =M68+O68+Q68 -> 0 | T68: =S68*H68 -> 0
A69: =IF(I69<>"",1+MAX($A$2:A68),"") -> 32 | B69: M0.001 TO FA.102 | C69: M0.001 TO FA.102 | E69: Unit Heater as EDH-2B 1.5kw, 6.8 MBH, 470 CFM, CBK, WARREN | F69: 1 | G69: 0 | H69: =F69*(1+G69) -> 1 | I69: EA | J69: 0 | K69: =J69*H69 -> 0 | L69: 0 | M69: =L69*J69 -> 0 | N69: =L69*K69 -> 0 | O69: 0 | P69: =O69*H69 -> 0 | Q69: 0 | R69: =Q69*H69 -> 0 | S69: =M69+O69+Q69 -> 0 | T69: =S69*H69 -> 0
A70: =IF(I70<>"",1+MAX($A$2:A69),"") -> 33 | B70: M0.001 TO FA.102 | C70: M0.001 TO FA.102 | E70: Energy Recovery Unit as ERV-1 470/470 CFM, 3.9 MCA, 15 MOCP, VAM4700GVJU, 121 LBS | F70: 1 | G70: 0 | H70: =F70*(1+G70) -> 1 | I70: EA | J70: 0 | K70: =J70*H70 -> 0 | L70: 0 | M70: =L70*J70 -> 0 | N70: =L70*K70 -> 0 | O70: 0 | P70: =O70*H70 -> 0 | Q70: 0 | R70: =Q70*H70 -> 0 | S70: =M70+O70+Q70 -> 0 | T70: =S70*H70 -> 0
A71: =IF(I71<>"",1+MAX($A$2:A70),"") -> 34 | B71: M0.001 TO FA.102 | C71: M0.001 TO FA.102 | E71: Energy Recovery Unit as ERV-2 470/470 CFM, 3.9 MCA, 15 MOCP, VAM4700GVJU, 121 LBS | F71: 1 | G71: 0 | H71: =F71*(1+G71) -> 1 | I71: EA | J71: 0 | K71: =J71*H71 -> 0 | L71: 0 | M71: =L71*J71 -> 0 | N71: =L71*K71 -> 0 | O71: 0 | P71: =O71*H71 -> 0 | Q71: 0 | R71: =Q71*H71 -> 0 | S71: =M71+O71+Q71 -> 0 | T71: =S71*H71 -> 0
A72: =IF(I72<>"",1+MAX($A$2:A71),"")
A73: SUB TOTAL | J73: Total Lab. Hours: | K73: =SUM(K13:K72) -> 0 | L73: Total Lab. Cost: | M73: Total Lab. Cost: | N73: =SUM(N13:N72) -> 0 | O73: Total Equip. Cost: | P73: =SUM(P13:P72) -> 0 | Q73: Total Mat. Cost: | R73: =SUM(R13:R72) -> 0 | T73: =N73+R73 -> 0 | U73: =T73 -> 0
A74: MATERIAL TAX (8.5%) | S74: 0.085 | T74: =R73*S74 -> 0 | U74: =R73*S74 -> 0
A75: PROFIT (20%) | S75: 0.2 | T75: =S75*T73 -> 0 | U75: =S75*U73 -> 0
A76: OVERHEAD (15%) | S76: 0.15 | T76: =S76*T73 -> 0 | U76: =S76*U73 -> 0
A77: TOTAL BASE BID | T77: =SUM(T73:T76) -> 0 | U77: =SUM(U73:U76) -> 0
Q297: .
